 Dungeon Crawl Stone Soup version 0.31-a0-538-gbc85326fa9 (webtiles) character file.

Game seed: 1218904885592193721

111 Bobit the Cudgeller (level 4, -1/29 (38) HPs)
             Began as a Gnoll Reaver on Aug 13, 2023.
             Was a Follower of Uskayaw.
             Slain by a hobgoblin (4 damage)
             ... on level 4 of the Dungeon.
             The game lasted 00:04:06 (2116 turns).

Bobit the Cudgeller (Gnoll Reaver)                  Turns: 2116, Time: 00:04:07

HP:   -1/29 (38)    AC: 10    Str: 14    XL:     4   Next: 92%
MP:   11/11         EV:  4    Int: 12    God:    Uskayaw [*.....]
Gold: 220           SH:  0    Dex: 10    Spells: 12/13 levels left

rFire   . . .        a - +0 mace
rCold   . . .        (no shield)
rNeg    . . .        s - +0 plate armour
rPois   .            (no helmet)
rElec   .            (no cloak)
rCorr   .            (no gloves)
SInv    .            (no boots)
Will    .....        (no amulet) Stlth
                     (no ring)
HPRegen 0.24/turn    (no ring)
MPRegen 0.12/turn

%: no passive effects
@: mighty, heavily drained
A: fangs 1, strong nose, distributed training
a: Renounce Religion, Stomp


You were on level 4 of the Dungeon.
You worshipped Uskayaw.
Uskayaw was noncommittal.
You visited 1 branch of the dungeon, and saw 4 of its levels.

You collected 220 gold pieces.

Inventory:

Hand Weapons
 a - a +0 mace (weapon)
Armour
 b - a +0 leather armour
 h - a +0 chain mail
 r - an orb of guile
 s - a +0 plate armour (worn)
Jewellery
 u - a ring of flight
Talismans
 f - a maw talisman
Scrolls
 c - a scroll of teleportation {unknown}
 d - 2 scrolls of torment {unknown}
 e - 2 scrolls of enchant weapon {unknown}
 k - a scroll of noise {unknown}
 l - a scroll of identify {unknown}
 n - a scroll of revelation {unknown}
 o - a scroll of amnesia {unknown}
 p - a scroll of fog {unknown}
 q - a scroll of immolation {unknown}
Potions
 g - a potion of degeneration {unknown}
 i - 2 potions of curing {unknown}
 j - 2 potions of mutation {unknown}
 m - 2 potions of might
 t - a potion of lignification {unknown}


   Skills:
 + Level 4.7 Fighting
 + Level 1.3 Short Blades
 + Level 1.3 Long Blades
 + Level 1.3 Axes
 + Level 6.6 Maces & Flails
 + Level 1.3 Polearms
 + Level 1.3 Staves
 + Level 1.3 Ranged Weapons
 + Level 1.3 Throwing
 + Level 1.3 Armour
 + Level 4.7 Dodging
 + Level 1.3 Stealth
 + Level 1.3 Shields
 + Level 1.3 Unarmed Combat
 + Level 5.1 Spellcasting
 + Level 5.5 Conjurations
 + Level 1.0 Hexes
 + Level 1.0 Summonings
 + Level 1.0 Necromancy
 + Level 1.0 Translocations
 + Level 1.0 Transmutations
 + Level 1.0 Fire Magic
 + Level 1.0 Ice Magic
 + Level 1.0 Air Magic
 + Level 1.0 Earth Magic
 + Level 1.0 Poison Magic
 + Level 1.4 Invocations
 + Level 1.3 Evocations
 + Level 1.0 Shapeshifting


You had 12 spell levels left.
You knew the following spells:

 Your Spells              Type           Power      Damage    Failure   Level
a - Kiss of Death         Conj/Necr      44%        2d8       99%         1

Your spell library contained the following spells:

 Spells                   Type           Power      Damage    Failure   Level
 Momentum Strike          Conj/Tloc      22%        3d8       100%        2
 Hailstorm                Conj/Ice       11%        3d5       100%        3


Dungeon Overview and Level Annotations

Branches:
Dungeon (4/15)
 Temple: D:4-7

Altars:
Uskayaw

Shops:
D:1 [


Innate Abilities, Weirdness & Mutations

You have very sharp teeth.
Your uncanny sense of smell can sniff out nearby items.
Your experience applies equally to all skills.


Message History

The iguana attacks as you move away! The iguana bites you.
The quokka barely misses you.
There is a stone staircase leading up here.
The quokka attacks as you move away!
The quokka bites you but does no damage.
The hobgoblin hits you but does no damage.
You barely miss the quokka. The quokka completely misses you.
The hobgoblin hits you but does no damage.
You hit the quokka.
The quokka is moderately wounded.
The quokka barely misses you. The hobgoblin hits you.
* * * LOW HITPOINT WARNING * * *
The quokka bites you but does no damage.
You closely miss the hobgoblin. Your bite misses the hobgoblin.
The hobgoblin hits you but does no damage.
The quokka barely misses you.
You hit the hobgoblin.
The hobgoblin is moderately wounded.
The quokka bites you but does no damage.
The hobgoblin hits you.
* * * LOW HITPOINT WARNING * * *
You hit the hobgoblin.
The hobgoblin is severely wounded.
The quokka bites you but does no damage.
The hobgoblin hits you.
* * * LOW HITPOINT WARNING * * *
The quokka bites you but does no damage.
You hit the hobgoblin.
You kill the hobgoblin!
The quokka bites you but does no damage.
You completely miss the quokka.
The quokka is moderately wounded.
The quokka bites you.
* * * LOW HITPOINT WARNING * * *
You hit the quokka.
You kill the quokka!
It was a potion of might.
You feel very mighty all of a sudden. The hobgoblin hits you.
You die...

...?.....
........#
........#
........# ##
........# ..
...[....# .#
........###..#
.......lg@...#
..(....###...#
###..## ...#
#! ...# #
..... ∆ ......
.##...# .#
#.##


You could see an iguana and a hobgoblin.

Vanquished Creatures
  5 adders
  2 dart slugs (D:2)
  6 bats
  4 endoplasms
  4 goblins
  6 hobgoblins
  7 jackals
  6 quokkas
  3 ball pythons
  2 frilled lizards (D:2)
  8 kobolds
  5 rats
58 creatures vanquished.

Notes
Turn   | Place    | Note
-------+----------+-------------------------------------------
     0 | D:1      | Bobit the Gnoll Reaver began the quest for the Orb.
     0 | D:1      | Reached XP level 1. HP: 20/20 MP: 6/6
   196 | D:1      | Reached XP level 2. HP: 26/26 MP: 7/7
   359 | D:1      | Found Cienkoxt's Armour Shop.
   957 | D:2      | Reached skill level 5 in Spellcasting
   957 | D:2      | Reached XP level 3. HP: 29/31 MP: 7/9
  1004 | D:2      | Reached skill level 1 in Invocations
  1156 | D:2      | Reached skill level 1 in Short Blades
  1156 | D:2      | Reached skill level 1 in Long Blades
  1156 | D:2      | Reached skill level 1 in Axes
  1156 | D:2      | Reached skill level 1 in Polearms
  1156 | D:2      | Reached skill level 1 in Staves
  1156 | D:2      | Reached skill level 1 in Ranged Weapons
  1156 | D:2      | Reached skill level 1 in Throwing
  1156 | D:2      | Reached skill level 1 in Armour
  1156 | D:2      | Reached skill level 1 in Stealth
  1156 | D:2      | Reached skill level 1 in Shields
  1156 | D:2      | Reached skill level 1 in Unarmed Combat
  1156 | D:2      | Reached skill level 1 in Evocations
  1331 | D:2      | Reached XP level 4. HP: 37/38 MP: 11/11
  1660 | D:3      | Reached skill level 1 in Hexes
  1660 | D:3      | Reached skill level 1 in Summonings
  1660 | D:3      | Reached skill level 1 in Necromancy
  1660 | D:3      | Reached skill level 1 in Translocations
  1660 | D:3      | Reached skill level 1 in Transmutations
  1660 | D:3      | Reached skill level 1 in Fire Magic
  1660 | D:3      | Reached skill level 1 in Ice Magic
  1660 | D:3      | Reached skill level 1 in Air Magic
  1660 | D:3      | Reached skill level 1 in Earth Magic
  1660 | D:3      | Reached skill level 1 in Poison Magic
  1660 | D:3      | Reached skill level 1 in Shapeshifting
  1797 | D:3      | Found a hide-covered altar of Uskayaw.
  1824 | D:3      | Became a worshipper of Uskayaw the Reveller
  1896 | D:3      | Reached * piety under Uskayaw
  2116 | D:4      | Slain by a hobgoblin

Illustrated notes

Levels and vault maps discovered:
D:1:      mrwooster_arrival_statue_2, layout_loops_ring, serial_shops, shop,
          grunt_decor_mini_mirrors, dreamdust_princess_bridge
D:2:      layout_basic
D:3:      layout_rooms, amcnicky_altar_gilded, st_stairs_11
D:4:      layout_loops_corners, kiku_gazebo_pond_becter,
          grunt_temple_overflow_open, overflow_temple_1_default, uniq_grinder

Skill      XL: |  1  2  3  4 |
---------------+-------------+-----
Spellcasting   | 5 |  5.1
Invocations    | 1 |  1.4
Short Blades   | 1 |  1.3
Long Blades    | 1 |  1.3
Axes           | 1 |  1.3
Polearms       | 1 |  1.3
Staves         | 1 |  1.3
Ranged Weapons | 1 |  1.3
Throwing       | 1 |  1.3
Armour         | 1 |  1.3
Stealth        | 1 |  1.3
Shields        | 1 |  1.3
Unarmed Combat | 1 |  1.3
Evocations     | 1 |  1.3
Hexes          | 1 |  1.0
Summonings     | 1 |  1.0
Necromancy     | 1 |  1.0
Translocations | 1 |  1.0
Transmutations | 1 |  1.0
Fire Magic     | 1 |  1.0
Ice Magic      | 1 |  1.0
Air Magic      | 1 |  1.0
Earth Magic    | 1 |  1.0
Poison Magic   | 1 |  1.0
Shapeshifting  | 1 |  1.0
Fighting       | |  4.7
Maces & Flails | |  6.6
Dodging        | |  4.7
Conjurations   | |  5.5

Action                     |  1- 3 |  4- 6 || total
---------------------------+-------+-------++-------
  Melee: Mace              |   120 |    84 ||   204
         Bite              |    12 |     7 ||    19
         Punch             |     1 |     2 ||     3
   Cast: Kiss of Death     |       |     2 ||     2
    Use: Potion            |       |     1 ||     1
 Armour: Leather armour    |    15 |       ||    15
         Chain mail        |    77 |    31 ||   108
         Plate armour      |       |    23 ||    23
  Dodge: Dodged            |    78 |    38 ||   116

Table legend: (Time is in decaauts)
 A = Elapsed time spent in this place.
 B = Non-inter-level travel time spent in this place.
 C = Inter-level travel time spent in this place.
 D = Time resting spent in this place.
 E = Time spent auto-exploring this place.
 F = Levels seen in this place.
 G = Mean time per level.
                   A        B        C        D        E       F      G
               +--------+--------+--------+--------+--------+-----+--------+
         Total |   2131 |   1977 |    154 |      0 |   1514 |   4 |  532.8 |
       Dungeon |   2131 |   1977 |    154 |      0 |   1514 |   4 |  532.8 |
               +--------+--------+--------+--------+--------+-----+--------+

Top non-repeatable levels by time:
     D:1: 835 daAuts
     D:2: 698 daAuts
     D:3: 582 daAuts
     D:4: 15 daAuts
